 Dungeon Crawl Stone Soup version 0.25.0-33-gff14898491 (webtiles) character file.

Game seed: 4687530715950777238

1191 Ethylacetat the Stinger (level 8, -8/64 HPs)
             Began as a Naga Transmuter on July 6, 2020.
             Was an Initiate of Cheibriados.
             Mangled by a wyvern zombie (13 damage)
             ... on level 6 of the Dungeon.
             The game lasted 00:28:12 (6995 turns).

Ethylacetat the Stinger (Naga Transmuter)           Turns: 6995, Time: 00:28:12

Health: -8/64      AC:  2    Str: 15    XL:     8   Next: 43%
Magic:  14/14      EV: 19    Int: 16    God:    Cheibriados [......]
Gold:   309        SH:  0    Dex: 17    Spells: 12/16 levels left

rFire    . . .     SeeInvis +     - Unarmed
rCold    . . .     Gourm    .   (shield currently unavailable)
rNeg     . . .     Faith    .   (armour currently unavailable)
rPois    x         Spirit   .   (helmet currently unavailable)
rElec    .         Reflect  .   (cloak currently unavailable)
rCorr    .         Harm     .   (gloves currently unavailable)
MR       +....                  (no barding)
Stlth    ++........             (no amulet)
HPRegen  0.20/turn              (no ring)
MPRegen  0.14/turn              (no ring)

@: brilliant, spider-form, flying, hasted, quick
A: tiny, see invisible, slow metabolism 1, spit poison 1, AC +2
a: Spit Poison, End Transformation, Bend Time, Renounce Religion


You were on level 6 of the Dungeon.
You worshipped Cheibriados.
Cheibriados was noncommittal.
You were not hungry.
You were a venomous arachnid creature.
You visited 2 branches of the dungeon, and saw 7 of its levels.

You collected 309 gold pieces.

Inventory:

Hand Weapons
 l - a +2 dagger of draining (melded)
Missiles
 a - 50 arrows
Armour
 b - a +0 robe (melded)
 e - a cursed +0 helmet (melded)
 v - a +0 cloak (melded)
Wands
 s - a wand of polymorph (8)
 u - a wand of disintegration (12)
 y - a wand of flame (15)
Scrolls
 g - 3 scrolls of amnesia {unknown}
 m - a scroll of enchant weapon {unknown}
 n - a scroll of teleportation {unknown}
 p - a scroll of random uselessness {unknown}
 r - 2 scrolls of enchant armour {unknown}
 w - 2 scrolls of identify {unknown}
 x - a scroll of immolation {unknown}
 A - a scroll of blinking {unknown}
 B - a scroll of fear {unknown}
 C - 2 scrolls of remove curse {unknown}
Potions
 c - a potion of ambrosia {unknown}
 f - a potion of flight
 h - a potion of curing
 i - a potion of degeneration {unknown}
 j - 3 potions of brilliance
 k - a potion of stabbing {unknown}
 o - a potion of might {unknown}
 q - a potion of invisibility {unknown}
 t - a potion of haste
 z - a potion of cancellation {unknown}
Comestibles
 d - 7 rations
 D - 3 chunks of flesh


   Skills:
 - Level 1.0 Fighting
 - Level 1.7 Dodging
 - Level 3.7 Unarmed Combat
 + Level 4.6 Spellcasting
 * Level 6.5 Transmutations
 - Level 7.0 Poison Magic


You had 12 spell levels left.
You knew the following spells:

 Your Spells              Type           Power        Failure   Level  Hunger
a - Beastly Appendage     Tmut           #####.       5%          1    None
b - Spider Form           Tmut/Pois      #####.....   11%         3    None

Your spell library contained the following spells:

 Spells                   Type           Power        Failure   Level  Hunger
 Sticks to Snakes         Tmut           #####...     7%          2    None
 Blade Hands              Tmut           #####.....   52%         5    None
 Ice Form                 Ice/Tmut       ###.....     61%         4    None
 Petrify                  Tmut/Erth      ###.....     61%         4    None
 Confusing Touch          Hex            #.......     65%         3    None
 Gell's Gravitas          Tloc           #.........   65%         3    None
 Yara's Violent Unravell  Hex/Tmut       ###.......   89%         5    None
 Metabolic Englaciation   Hex/Ice        #.........   100%        5    None


Dungeon Overview and Level Annotations

Branches:
Dungeon (6/15)             Temple (1/1) D:5

Altars:
Cheibriados
Dithmenos
Hepliaklqana
Kikubaaqudgha
Makhleb


Innate Abilities, Weirdness & Mutations

You cannot wear boots.
((Your serpentine skin is tough. (AC +2)))
You have supernaturally acute eyesight. (SInv)
((Armour fits poorly on your strangely shaped body.))
((Your system is resistant to poisons. (rPois)))
((You cover ground very slowly.))
You have a slow metabolism.
You can spit poison.


Message History

It was a potion of flight.
You feel very buoyant.
You fly up into the air.
The wyvern zombie closely misses you. The adder zombie misses you.
It was a potion of curing.
You feel better. The wyvern zombie closely misses you.
The adder zombie bites you.
* * * LOW HITPOINT WARNING * * *
You hit the wyvern zombie.
The wyvern zombie is moderately damaged.
The wyvern zombie closely misses you. The adder zombie barely misses you.
The wyvern zombie bites you!
* * * LOW HITPOINT WARNING * * *
It was a potion of brilliance.
You feel clever all of a sudden. The adder zombie closely misses you.
The wyvern zombie misses you.
An adder zombie comes into view.
It was a potion of haste.
You feel yourself speed up.
Cheibriados forgives your accidental hurry, just this once.
The wyvern zombie bites you!
You die...

#.##.##.# ..
#.##.##.# ..
#.#..##.# ...
#.#.###.# ...
#######.#.###.#
..
#.............#
#.
#§#######.######
## ##§#####
#.######.##
#§§s.§§#
#......#...
#P§ZZ§§#
######.###.
#§§§§§§§# #.# #.
#Z.≈≈≈≈.# #.###)
....≈≈≈≈..#
#.....
.###...[...#
#####. §
##....... #.
#.##.#### #..
#..


You could see an adder zombie and a wyvern zombie.

Vanquished Creatures
  Eustachio (D:4)
  An orc warrior (D:5)
  2 phantoms
  A centaur (D:6)
  A scorpion (D:5)
  A howler monkey (D:4)
  3 crimson imps
  2 centaur zombies (D:5)
  A bullfrog zombie (D:6)
  A hound (D:5)
  Crazy Yiuf (D:3)
  A jelly (D:4)
  A centaur skeleton (D:4)
  An iguana (D:4)
  4 worker ants
  A hound skeleton (D:6)
  4 adders
  An ooze (D:5)
  An adder skeleton (D:5)
  4 worms
  4 dart slugs
  2 leopard geckos
  9 orcs
  10 bats
  6 giant cockroaches
  7 goblins
  8 hobgoblins
  13 jackals
  10 kobolds
  2 ball pythons (D:4)
  7 frilled lizards
  A quokka skeleton (D:5)
  A quokka zombie (D:6)
  8 rats
121 creatures vanquished.

Notes
Turn   | Place    | Note
-------+----------+-------------------------------------------
     0 | D:1      | Ethylacetat the Naga Transmuter began the quest for the
                  | Orb.
     0 | D:1      | Reached XP level 1. HP: 18/18 MP: 3/3
    53 | D:1      | Reached XP level 2. HP: 7/25 MP: 5/5
   997 | D:1      | Reached XP level 3. HP: 31/31 MP: 6/6
  1007 | D:1      | Learned a level 3 spell: Spider Form
  1304 | D:2      | Reached skill level 1 in Poison Magic
  1981 | D:3      | Reached XP level 4. HP: 34/38 MP: 7/7
  2078 | D:3      | Found a runed translucent door.
  2079 | D:3      | Noticed Crazy Yiuf
  2351 | D:3      | Reached skill level 2 in Poison Magic
  3454 | D:3      | Killed Crazy Yiuf
  3454 | D:3      | Reached XP level 5. HP: 4/44 MP: 3/9
  3817 | D:4      | Reached skill level 3 in Poison Magic
  3983 | D:4      | HP: 2/44 [acid (8)]
  4346 | D:4      | Reached XP level 6. HP: 40/51 MP: 6/10
  4353 | D:4      | Reached skill level 4 in Poison Magic
  5021 | D:4      | Noticed a phantom
  5049 | D:4      | Killed a phantom
  5056 | D:4      | Noticed Eustachio
  5074 | D:4      | Killed Eustachio
  5074 | D:4      | Reached skill level 5 in Poison Magic
  5074 | D:4      | Reached XP level 7. HP: 42/57 MP: 9/12
  5193 | D:5      | Entered Level 5 of the Dungeon
  5230 | D:5      | Reached skill level 5 in Transmutations
  5427 | D:5      | Reached skill level 6 in Poison Magic
  5988 | D:5      | Reached XP level 8. HP: 64/64 MP: 9/14
  6038 | D:5      | Found a hazy altar of Hepliaklqana.
  6038 | D:5      | Found an ancient bone altar of Kikubaaqudgha.
  6082 | D:5      | Found a burning altar of Makhleb.
  6190 | D:5      | Reached skill level 7 in Poison Magic
  6493 | D:5      | Found a staircase to the Ecumenical Temple.
  6508 | Temple   | Entered the Ecumenical Temple
  6525 | Temple   | Became a worshipper of Cheibriados the Contemplative
  6995 | D:6      | Mangled by a wyvern zombie

Illustrated notes

Levels and vault maps discovered:
D:1:      eino_arrival_cavern_d, layout_loops_corners
D:2:      layout_rooms, minmay_cut_off
D:3:      minmay_chambers_of_threes, layout_loops_corners, first_ration,
          corexii_leaking_fountain, minmay_quadrilaterals,
          uniq_crazy_yiuf_cottage
D:4:      layout_cave_pods, uniq_eustachio
D:5:      layout_layer_cave, makhleb_heckhound_becter,
          gammafunk_temple_overflow_elements, minmay_temple_entry_mist,
          minmay_door_square, chequers_serial_rivers_micro_b
D:6:      layout_loops_cross, overflow_temple_1_default, serial_undead,
          serial_undead_e, serial_undead_e, serial_undead_f, serial_undead_c
Temple:   oiseaux_autumnal_temple

Skill      XL: |  1  2  3  4  5  6  7  8 |
---------------+-------------------------+-----
Poison Magic   | 1 2 3 5 6 7 |  7.0
Transmutations | 3 4 5 6 |  6.5
Spellcasting   | 3 4 |  4.6
Fighting       | |  1.0
Dodging        | |  1.7
Unarmed Combat | |  3.7

Action                   |  1- 3 |  4- 6 |  7- 9 || total
-------------------------+-------+-------+-------++-------
Melee: Unarmed           |    81 |    85 |   117 ||   283
       Punch             |     1 |     1 |     2 ||     4
       Dagger            |       |    84 |    87 ||   171
 Cast: Spider Form       |       |     8 |    14 ||    22
 Abil: Spit Poison       |    35 |    21 |    11 ||    67
  Use: Potion            |       |       |     4 ||     4
  Eat: Chunk             |     4 |     9 |     9 ||    22
Armor: Robe              |    30 |    27 |    28 ||    85
       Skin              |       |     9 |     3 ||    12
Dodge: Dodged            |    64 |   101 |   138 ||   303
